 Seeded DCSS version 0.27.1 (webtiles) character file.

Game seed: 20210827 (custom seed)

126 a11behringer the Slasher (level 4, -2/40 HPs)
             Began as a Minotaur Monk on Aug 27, 2021.
             Slain by a gnoll (6 damage)
             ... on level 2 of the Dungeon.
             The game lasted 00:06:22 (1110 turns).

a11behringer the Slasher (Minotaur Monk)            Turns: 1110, Time: 00:06:22

Health: -2/40      AC:  2    Str: 17    XL:     4   Next: 83%
Magic:  3/3        EV: 13    Int:  7    God:
Gold:   4          SH:  0    Dex: 12    Spells: 3/3 levels left

rFire    . . .     SeeInvis .   a - +0 falchion
rCold    . . .     Faith    .   (no shield)
rNeg     . . .     Spirit   .   b - +0 robe
rPois    .         Reflect  .   (helmet restricted)
rElec    .         Harm     .   (no cloak)
rCorr    .         Rampage  .   (no gloves)
Will     .....                  (no boots)
Stlth    ++........             (no amulet)
HPRegen  0.13/turn              (no ring)
MPRegen  0.08/turn              (no ring)

@: no status effects
A: horns 2, retaliatory headbutt
a: no special abilities


You were on level 2 of the Dungeon.
You visited 1 branch of the dungeon, and saw 2 of its levels.

You collected 4 gold pieces.

Inventory:

Hand Weapons
 a - a +0 falchion (weapon)
 e - a +2 whip of holy wrath
Armour
 b - a +0 robe (worn)
Potions
 c - a potion of lignification {unknown}
 d - 3 potions of attraction {unknown}


   Skills:
 - Level 3.8 Fighting
 * Level 6.5 Long Blades
 - Level 3.4 Dodging
 - Level 1.5 Stealth


You had 3 spell levels left.
You didn't know any spells.
Your spell library was empty.

Dungeon Overview and Level Annotations

Branches:
Dungeon (2/15)

Altars:


Innate Abilities, Weirdness & Mutations

You have a pair of horns on your head.
You reflexively headbutt those who attack you in melee.


Message History

The gnoll hits you with a +0 club.
You hit the gnoll.
You kill the gnoll!
The kobold throws a stone.
The stone closely misses you.
The kobold hits you with a +2 whip of holy wrath.
Things that are here:
a +0 club; a gnoll corpse You hit the kobold.
You kill the kobold!
Things that are here:
a +2 whip of holy wrath; 2 stones
Things that are here:
a +2 whip of holy wrath; 2 stones
e - a +2 whip of holy wrath
There is a large open door, spattered with blood here.
You see here a frilled lizard corpse.
A gnoll comes into view. It is wielding a +2 halberd of flaming.
A gnoll comes into view. It is wielding a +0 spear.
The gnoll misses you.
A gnoll comes into view. It is wielding a +0 halberd.
The gnoll closely misses you. You furiously retaliate!
You headbutt the gnoll. You closely miss the gnoll.
The gnoll shouts! x2
You headbutt the gnoll.
The gnoll is heavily wounded.
The gnoll misses you.
You riposte.
You hit the gnoll but do no damage.
The gnoll is heavily wounded.
You hit the gnoll but do no damage. You headbutt the gnoll.
The gnoll is severely wounded.
The gnoll closely misses you.
You riposte.
You closely miss the gnoll. You headbutt the gnoll.
You kill the gnoll!
The gnoll hits you with a +0 spear.
You see here a +2 halberd of flaming.
You hit the gnoll but do no damage. The gnoll hits you with a +0 spear!
The gnoll hits you from afar with a +0 halberd!
* * * LOW HITPOINT WARNING * * *
You closely miss the gnoll. Your headbutt misses the gnoll.
The gnoll hits you with a +0 spear.
You die...

...........#
...........#
.......... ........
#....# #.....#
#....# #.....#
#....##### #.$g..#
#......... #...g.#
#......... #..@..##
#.'# ..... #......#
#''# #...
#......#♣♣♣..♣♣♣#...
#......#♣......♣#...
#......#♣).♣♣..♣#...
#......†..♣♣♣♣..†...
#......'..♣♣♣♣†.'...
#.....##♣..♣♣†.♣#...
#.....# ♣..()..♣#...


You could see 2 gnolls.

Vanquished Creatures
  Natasha (twice) (D:2)
  2 gnolls (D:2)
  An adder (D:2)
  2 dart slugs (D:1)
  3 bats (D:1)
  3 endoplasms (D:1)
  3 giant cockroaches (D:1)
  4 goblins (D:1)
  4 hobgoblins
  A jackal (D:1)
  5 kobolds
  3 quokkas (D:1)
  5 ball pythons
  3 frilled lizards
  3 rats
  A toadstool (D:1)
45 creatures vanquished.

Vanquished Creatures (others)
  3 toadstools (D:1)
3 creatures vanquished.

Grand Total: 48 creatures vanquished

Notes
Turn   | Place    | Note
-------+----------+-------------------------------------------
     0 | D:1      | a11behringer the Minotaur Monk began the quest for the Orb.
     0 | D:1      | Reached XP level 1. HP: 19/19 MP: 0/0
    77 | D:1      | Reached skill level 4 in Long Blades
    77 | D:1      | Reached XP level 2. HP: 23/27 MP: 1/1
   447 | D:1      | Reached XP level 3. HP: 21/33 MP: 2/2
   707 | D:1      | Reached skill level 5 in Long Blades
   981 | D:2      | Noticed Natasha
   996 | D:2      | Killed Natasha
  1022 | D:2      | Reached XP level 4. HP: 28/40 MP: 3/3
  1074 | D:2      | Noticed Natasha
  1078 | D:2      | Killed Natasha
  1079 | D:2      | Reached skill level 6 in Long Blades
  1110 | D:2      | Slain by a gnoll

Illustrated notes

Levels and vault maps discovered:
D:1:      ldierk_water_garden, layout_rooms, minmay_misc_feat_diagonals,
          st_stairs_7
D:2:      layout_basic, hellmonk_ecumenical_altar_zigzags,
          kennysheep_generic_room_6, uniq_natasha, uniq_jessica

Skill      XL: |  1  2  3  4 |
---------------+-------------+-----
Long Blades    | 4 5 6 |  6.5
Fighting       | |  3.8
Dodging        | |  3.4
Stealth        | |  1.5

Action                   |  1- 3 |  4- 6 || total
-------------------------+-------+-------++-------
Melee: Falchion          |    78 |    16 ||    94
       Headbutt          |    16 |     4 ||    20
 Stab: Sleeping          |     4 |       ||     4
Armor: Robe              |    16 |       ||    16
Dodge: Dodged            |    56 |    10 ||    66
       Rpst.: Falchion   |    15 |     3 ||    18
